 Dungeon Crawl Stone Soup version 0.17.0-28-g6e173f8 (webtiles) character file.

3926 GeneralIdiocy the Nimble (level 10, -23/69 HPs)
             Began as an Octopode Transmuter on Dec 2, 2015.
             Was a Follower of Cheibriados.
             Annihilated by an ice devil (26 damage)
             ... summoned by an orc sorcerer
             ... while paralysed by an orc sorcerer
             ... in a bailey.
             The game lasted 00:18:25 (10097 turns).

GeneralIdiocy the Nimble (Octopode Transmuter)     Turns: 10097, Time: 00:18:25

Health: -23/69     AC:  1    Str: 13    XL:     10   Next: 20%
Magic:  13/13      EV:  2    Int: 19    God:    Cheibriados [*.....]
Gold:   490        SH:  0    Dex: 20    Spells: 4 memorised, 3 levels left

rFire  . . .     SeeInvis .       - Unarmed
rCold  . . .     Clarity  +     (no shield)
rNeg   . . .     SustAt   .     (helmet restricted)
rPois  .         Gourm    .     (no amulet)
rElec  .         Spirit   .     j - ring of protection from magic
rCorr  .         Warding  .     d - +5 ring of dexterity
rMut   .         Stasis   .     n - ring of flight
MR     +....                    s - +2 ring of evasion
Stlth  +++.......               (no ring)
                                (no ring)
                                (no ring)
                                (no ring)

@: paralysed, very slow, somewhat resistant to hostile enchantments, fairly
stealthy
A: almost no armour, amphibious, 8 rings, constrict 8, camouflage 1, blink,
clarity, gelatinous body 1
a: Blink, Bend Time, Renounce Religion, Evoke Flight


You were in a bailey.
You worshipped Cheibriados.
Cheibriados was aware of your devotion.
You were not hungry.

You visited 2 branches of the dungeon, and saw 9 of its levels.
You also visited: Bailey.

You collected 490 gold pieces.

Inventory:

Missiles
 a - 186 arrows
Jewellery
 d - a +5 ring of dexterity (right tentacle)
 j - a ring of protection from magic (left tentacle)
 n - a ring of flight (on tentacle)
 s - a +2 ring of evasion (on tentacle)
Wands
 u - a wand of fire (0)
Scrolls
 e - 2 scrolls of identify
 i - a scroll of enchant weapon
Potions
 l - a potion of berserk rage
 o - a potion of haste
 q - a potion of brilliance
 v - a potion of lignification
Books
 b - a book of Changes

   Spells                             Type                      Level
   a - Beastly Appendage              Transmutation                1
   b - Sticks to Snakes               Transmutation                2
   c - Spider Form                    Transmutation/Poison         3
   d - Ice Form                       Ice/Transmutation            4
   e - Blade Hands                    Transmutation                5
Comestibles
 c - 9 bread rations
 g - a meat ration


   Skills:
 + Level 6.6 Fighting
 * Level 8.0 Dodging
 + Level 7.0 Unarmed Combat
 - Level 2.0 Spellcasting
 - Level 5.4 Transmutations
 + Level 5.3 Ice Magic
 - Level 3.1 Poison Magic


You had 3 spell levels left.
You knew the following spells:

 Your Spells              Type           Power        Failure   Level  Hunger
a - Beastly Appendage     Trmt           ###...       1%          1    #......
b - Sticks to Snakes      Trmt           ###.......   3%          2    ###....
c - Spider Form           Trmt/Pois      ###.......   12%         3    ###....
d - Ice Form              Ice/Trmt       ###.....     21%         4    #####..


Dungeon Overview and Level Annotations

Branches:
Dungeon (8/15)             Temple (1/1) D:7
   Lair: D:8-11

Altars:
Cheibriados
Dithmenos
Elyvilon
Fedhas
Gozag
Kikubaaqudgha
Makhleb
Okawaru
Qazlal
Ru
Sif Muna
Trog
Vehumet
Xom
Yredelemnul
Zin
The Shining One

Shops:
D:4 *[=   D:6 %

Annotations:
D:4 dualclasshuman's ghost, amateur HOFi


Innate Abilities, Weirdness & Mutations

You cannot wear most types of armour.
You are amphibious.
You can wear up to eight rings at the same time.
You can use your tentacles to constrict eight enemies at once.
Your skin changes colour to match your surroundings (Stealth).
Your rubbery body absorbs attacks (AC +1).
You can translocate small distances at will.
You possess an exceptional clarity of mind.


Message History

The blue devil completely misses you.
You tentacle-slap the orc sorcerer but do no damage.
The orc sorcerer is severely wounded.
You constrict the orc sorcerer. The blue devil hits you.
The orc sorcerer gestures wildly while chanting.
You tentacle-slap the orc sorcerer but do no damage.
The orc sorcerer is almost dead.
You constrict the orc sorcerer. The blue devil closely misses you.
The orc sorcerer casts a spell at you.
You suddenly lose the ability to move!
You lose your grip on the orc sorcerer.
The ice devil hits you! The ice devil freezes you!
* * * LOW HITPOINT WARNING * * *
The blue devil hits you.
* * * LOW HITPOINT WARNING * * *
The orc sorcerer hits you with a war axe.
* * * LOW HITPOINT WARNING * * *
The ice devil hits you!
* * * LOW HITPOINT WARNING * * *
The ice devil freezes you!!
You die...

#≈≈≈≈≈# #≈≈≈≈≈#
###≈≈≈≈≈# .. #.≈≈≈≈≈≈#
....#.≈≈≈≈≈.######
####''#.≈≈≈≈≈......#
#.....#.≈≈≈≈≈......###
#.....'..............#
#..⌠..'.......3@o∩..∩#
#.....'.........4....#
#.....#.≈≈≈≈≈......###
#####'5#.)≈≈≈≈......#
#......#.)≈≈≈≈.######
#......#.)≈≈≈≈≈#
..5.######≈≈≈≈≈# 8.8.#
#≈≈≈≈≈# ....# #≈≈≈≈≈#


You could see an ice devil, a blue devil and an orc sorcerer.

Vanquished Creatures
  Pikel (D:7)
  A kobold demonologist (Bailey)
  A hippogriff (D:7)
  Prince Ribbit (D:7)
  The ghost of GeneralIdiocy the Changer, an amateur OpTm (D:8)
  A spriggan (D:7)
  3 yaks (D:7)
  Duvessa (D:5)
  A slave (D:7)
  2 centaurs
  An orc warrior (Bailey)
  4 ogres
  A giant frog (D:6)
  4 killer bees (D:7)
  2 scorpions
  Dowan (D:5)
  An electric eel (Bailey)
  3 crimson imps
  3 jellies
  An orc priest (D:6)
  A centaur zombie (D:6)
  3 hounds
  A centaur skeleton (D:5)
  5 orc wizards
  A giant frog skeleton (D:6)
  2 iguanas
  2 worker ants
  A hound skeleton (D:4)
  4 gnolls
  7 adders
  A shadow imp (D:5)
  4 oozes
  An adder zombie (D:7)
  4 worms
  An adder skeleton (D:6)
  4 giant geckos
  18 orcs
  11 hobgoblins
  4 jackals (D:3)
  5 kobolds
  2 quokkas
  A ball python (D:4)
  10 bats
  4 giant cockroaches
  7 giant newts
  10 goblins
  A jackal zombie (D:5)
  5 rats
154 creatures vanquished.

Vanquished Creatures (others)
  An ice beast (D:7)
  3 slaves (D:7)
  A crimson imp (D:7)
  A gnoll (D:7)
  An adder skeleton (D:7)
  A quokka (D:3)
8 creatures vanquished.

Grand Total: 162 creatures vanquished

Notes
Turn   | Place    | Note
--------------------------------------------------------------
     0 | D:1      | GeneralIdiocy the Octopode Transmuter began the quest for the Orb.
     0 | D:1      | Reached XP level 1. HP: 13/13 MP: 3/3
   294 | D:1      | Reached XP level 2. HP: 6/18 MP: 5/5
  1640 | D:1      | Reached XP level 3. HP: 10/23 MP: 6/6
  2639 | D:3      | Reached XP level 4. HP: 29/29 MP: 7/7
  3414 | D:3      | Found a white marble altar of Elyvilon.
  3458 | D:3      | Learned a level 2 spell: Sticks to Snakes
  3462 | D:3      | Learned a level 3 spell: Spider Form
  3486 | D:3      | Reached XP level 5. HP: 25/35 MP: 6/8
  4007 | D:3      | Reached skill level 1 in Poison Magic
  4018 | D:3      | Reached skill level 4 in Transmutations
  4126 | D:4      | Found Terchajale's Antique Armour Shoppe.
  4265 | D:4      | Reached XP level 6. HP: 11/41 MP: 7/9
  4563 | D:4      | Found Rueteul's Jewellery Boutique.
  4793 | D:4      | Found Datadgh's General Store.
  4798 | D:4      | Noticed dualclasshuman's ghost (amateur HOFi)
  4860 | D:5      | Entered Level 5 of the Dungeon
  4937 | D:5      | Found a blossoming altar of Fedhas.
  5012 | D:5      | Noticed Duvessa
  5028 | D:5      | Noticed Dowan
  5045 | D:5      | Killed Dowan
  5092 | D:5      | Killed Duvessa
  5092 | D:5      | Reached skill level 5 in Transmutations
  5092 | D:5      | Reached XP level 7. HP: 20/46 MP: 8/10
  5114 | D:5      | Learned a level 4 spell: Ice Form
  6069 | D:5      | Reached skill level 1 in Ice Magic
  6175 | D:6      | Found Dokon's Food Shoppe.
  6373 | D:6      | Reached skill level 5 in Unarmed Combat
  6437 | D:6      | Reached XP level 8. HP: 52/54 MP: 9/11
  7222 | D:7      | Gained mutation: You can translocate small distances at will. [potion of beneficial mutation]
  7394 | D:7      | Gained mutation: You possess an exceptional clarity of mind. [potion of beneficial mutation]
  7492 | D:7      | Reached skill level 5 in Dodging
  7779 | D:7      | Noticed Pikel
  7803 | D:7      | Killed Pikel
  7803 | D:7      | Reached skill level 5 in Fighting
  7803 | D:7      | Reached skill level 6 in Unarmed Combat
  7803 | D:7      | Reached XP level 9. HP: 39/61 MP: 10/12
  8320 | D:7      | Found a staircase to the Ecumenical Temple.
  8493 | Temple   | Entered the Ecumenical Temple
  8668 | Temple   | Became a worshipper of Cheibriados the Contemplative
  8761 | D:7      | Found a glowing golden altar of the Shining One.
  8761 | D:7      | Found a stormy altar of Qazlal.
  8762 | D:7      | Found a bloodstained altar of Trog.
  8993 | D:7      | Reached skill level 7 in Dodging
  9121 | D:7      | Noticed Prince Ribbit
  9134 | D:7      | Killed Prince Ribbit
  9298 | D:8      | Noticed GeneralIdiocy's ghost (amateur OpTm)
  9320 | D:8      | Killed GeneralIdiocy's ghost
  9320 | D:8      | Reached skill level 5 in Ice Magic
  9320 | D:8      | Reached XP level 10. HP: 63/69 MP: 13/13
  9374 | D:8      | Found a shimmering altar of Xom.
  9629 | D:8      | Found a glowing silver altar of Zin.
  9760 | D:8      | Reached * piety under Cheibriados
  9794 | D:8      | Found a flagged portal.
  9800 | Bailey   | Entered a bailey
 10021 | Bailey   | Found an iron altar of Okawaru.
 10021 | Bailey   | Noticed an orc sorcerer
 10048 | Bailey   | Reached skill level 8 in Dodging
 10095 | Bailey   | Noticed an ice devil
 10095 | Bailey   | Paralysed by an orc sorcerer for 6 turns
 10097 | Bailey   | HP: 3/69 [ice devil[an orc sorcerer] (12)]
 10097 | Bailey   | Annihilated by an ice devil

Action                   |  1- 3 |  4- 6 |  7- 9 | 10-12 || total
-------------------------+-------+-------+-------+-------++-------
Melee: Unarmed           |    99 |   124 |   232 |    68 ||   523
 Cast: Beastly Appendage |       |     3 |     1 |       ||     4
       Spider Form       |       |     2 |    17 |       ||    19
Evoke: Wand              |       |       |     2 |     1 ||     3
  Use: Potion            |     2 |     1 |     6 |     1 ||    10
       Scroll            |       |       |    11 |     1 ||    12
 Stab: Sleeping          |     2 |     8 |     9 |     1 ||    20
       Distracted        |     1 |       |       |       ||     1
  Eat: Chunk             |     5 |     5 |    10 |       ||    20
       Meat ration       |       |     1 |       |     1 ||     2
       Royal jelly       |       |       |     1 |       ||     1
       Beef jerky        |       |       |     1 |       ||     1
